 Dungeon Crawl Stone Soup version 0.22-b1-26-g9dbaab1 (webtiles) character file.

196 Doobh the Sneak (level 6, 0/37 HPs)
             Began as a Kobold Assassin on Aug 6, 2018.
             Slain by an orc
             ... wielding a +0 hand axe
              (3 damage)
             ... on level 3 of the Dungeon.
             The game lasted 00:09:10 (2856 turns).

Doobh the Sneak (Kobold Assassin)                   Turns: 2856, Time: 00:09:14

Health: 0/37       AC:  3    Str:  8    XL:     6   Next: 4%
Magic:  6/6        EV: 16    Int: 13    God:
Gold:   135        SH:  0    Dex: 18    Spells: 5/5 levels left

rFire    . . .     SeeInvis .   h - +4 short sword
rCold    . . .     Gourm    .   (shield restricted)
rNeg     . . .     Faith    .   c - +0 robe
rPois    .         Spirit   .   (no helmet)
rElec    .         Reflect  .   d - +0 cloak
rCorr    .         Harm     .   (no gloves)
MR       .....                  (no boots)
Stlth    +++.......             (no amulet)
HPRegen  0.12/turn              (no ring)
MPRegen  0.10/turn              (no ring)

@: slowed, very slow
A: small, carnivore
a: no special abilities


You were on level 3 of the Dungeon.
You were very full.

You visited 1 branch of the dungeon, and saw 3 of its levels.

You collected 135 gold pieces.

Inventory:

Hand Weapons
 a - a +2 dagger
 b - a +0 blowgun
 h - a +4 short sword (weapon)
Missiles
 e - 7 poisoned needles
 f - 2 curare-tipped needles
 k - 42 stones (quivered)
Armour
 c - a +0 robe (worn)
 d - a +0 cloak (worn)
 l - a +1 cloak
Jewellery
 i - a cursed -4 ring of dexterity {unknown}
Scrolls
 j - 2 scrolls of remove curse
Potions
 m - a potion of heal wounds {unknown}
 o - a potion of mutation {unknown}
 p - a potion of flight {unknown}
Comestibles
 g - 4 rations
 n - 2 chunks of flesh


   Skills:
 + Level 3.3 Fighting
 + Level 4.1 Short Blades
 + Level 3.4 Throwing
 + Level 3.1 Dodging
 + Level 6.3 Stealth


You had 5 spell levels left.
You didn't know any spells.
Your spell library was empty.

Dungeon Overview and Level Annotations

Branches:
Dungeon (3/15)

Altars:


Innate Abilities, Weirdness & Mutations

You are small and have problems with some larger weapons.
You are carnivorous and can eat meat at any time.


Message History

* * * LOW HITPOINT WARNING * * *
The orc wizard gestures wildly while chanting.
The orc wizard blinks!
The orc wizard hits you but does no damage.
You hit the orc wizard.
The orc wizard is moderately wounded.
The orc wizard hits you with a dagger.
* * * LOW HITPOINT WARNING * * *
The orc wizard mumbles some strange words.
The orc wizard blinks!
The orc hits you but does no damage. The orc wizard hits you with a dagger.
* * * LOW HITPOINT WARNING * * *
As you read the scroll labeled QOVILOACZI, it crumbles to dust.
You feel blessed for a moment.
It was a scroll of remove curse.
The orc wizard misses you.
The orc priest begins to cast a cantrip, but forgets the words!
The orc closely misses you.
The orc wizard hits you but does no damage.
The orc hits you with a hand axe.
You die...

################
#....ooo@o.....#
####
#o############.#
...# #.# ##.##
#.#### #o#
####..>######
#....# #.#
#....÷.......
##.##.###o#####
#.##...###.##
...§o.o.oo....#
##.###.###
......)...###.#
#........#
#####o##### #.#
#..###.....#


You could see an orc priest, an orc wizard and 3 orcs.

Vanquished Creatures
  Crazy Yiuf (D:2)
  Jessica (D:2)
  A worker ant (D:2)
  5 adders
  3 oozes
  2 worms (D:2)
  2 dart slugs
  2 leopard geckos
  A giant cockroach (D:2)
  8 goblins
  7 hobgoblins
  6 bats
  3 frilled lizards
  8 kobolds
  5 rats
  A fungus (D:2)
56 creatures vanquished.

Notes
Turn   | Place    | Note
-------+----------+-------------------------------------------
     0 | D:1      | Doobh the Kobold Assassin began the quest for the Orb.
     0 | D:1      | Reached XP level 1. HP: 12/12 MP: 1/1
   101 | D:1      | Reached XP level 2. HP: 17/18 MP: 2/2
   746 | D:1      | Reached XP level 3. HP: 18/22 MP: 3/3
  1220 | D:2      | Noticed Jessica
  1227 | D:2      | Killed Jessica
  1227 | D:2      | Reached XP level 4. HP: 27/27 MP: 4/4
  1525 | D:2      | Reached skill level 6 in Stealth
  1638 | D:2      | Reached XP level 5. HP: 7/32 MP: 5/5
  2272 | D:2      | Found a runed door.
  2276 | D:2      | Noticed Crazy Yiuf
  2293 | D:2      | Killed Crazy Yiuf
  2822 | D:3      | Reached XP level 6. HP: 37/37 MP: 6/6
  2856 | D:3      | Slain by an orc

Skill      XL: |  1  2  3  4  5 |
---------------+----------------+-----
Short Blades   | 3 4 |  4.1
Dodging        | 2 3 |  3.1
Fighting       | 3 |  3.3
Throwing       | 3 |  3.4
Stealth        | 6 |  6.3

Action                   |  1- 3 |  4- 6 || total
-------------------------+-------+-------++-------
Melee: Dagger            |    68 |    72 ||   140
       Short sword       |       |    52 ||    52
 Fire: Blowgun           |     6 |    12 ||    18
Throw: Stone             |       |     1 ||     1
  Use: Scroll            |       |     3 ||     3
       Potion            |       |     1 ||     1
 Stab: Sleeping          |    12 |     7 ||    19
  Eat: Chunk             |     9 |     5 ||    14
Armor: Robe              |    11 |    12 ||    23
Dodge: Dodged            |    41 |    77 ||   118
